 Dungeon Crawl Stone Soup version 0.18-a0-1702-gd20c6a5 (webtiles) character file.

63 dvd the Grave Robber (level 3, 0/25 HPs)
             Began as a Demonspawn Necromancer on Apr 7, 2016.
             Slain by a goblin (2 damage)
             ... led by Robin
             ... on level 2 of the Dungeon.
             The game lasted 00:04:57 (1836 turns).

dvd the Grave Robber (Demonspawn Necromancer)       Turns: 1836, Time: 00:04:58

Health: 0/25       AC:  5    Str:  8    XL:     3   Next: 89%
Magic:  3/6        EV: 12    Int: 17    God:
Gold:   52         SH:  0    Dex: 13    Spells: 2 memorised, 3 levels left

rFire  . . .     SeeInvis .     e - +0 spear
rCold  . . .     Gourm    .     a - +0 robe
rNeg   . . .     Faith    .     (no shield)
rPois  .         Spirit   .     i - +2 hat
rElec  .         Dismiss  .     f - +0 cloak
rCorr  .         Reflect  .     (no gloves)
SustAt .         Harm     .     (no boots)
MR     .....                    (no amulet)
Stlth  ++........               (no ring)
                                (no ring)

@: not resistant to hostile enchantments, unstealthy
A: antennae 1
a: no special abilities


You were on level 2 of the Dungeon.
You were not hungry.

You visited 1 branch of the dungeon, and saw 2 of its levels.

You collected 52 gold pieces.

Inventory:

Hand Weapons
 e - a +0 spear (weapon)
Missiles
 k - 3 javelins (quivered)
Armour
 a - a +0 robe (worn)
 f - a +0 cloak (worn)
 i - a +2 hat (worn)
Scrolls
 g - 2 scrolls of remove curse {unknown}
 h - a scroll of immolation {unknown}
Potions
 d - a potion of mutation {unknown}
Books
 b - a book of Necromancy

   Spells                             Type                      Level
   a - Pain                           Necromancy                   1
   b - Animate Skeleton               Necromancy                   1
   c - Vampiric Draining              Necromancy                   3
   d - Regeneration                   Charms/Necromancy            3
   e - Animate Dead                   Necromancy                   4
   f - Control Undead                 Necromancy                   4
Comestibles
 c - a bread ration
 j - 3 chunks of flesh


   Skills:
 + Level 0.4 Fighting
 + Level 0.3 Polearms
 + Level 2.0 Dodging
 + Level 2.0 Stealth
 + Level 2.6 Spellcasting
 + Level 5.3 Necromancy


You had 3 spell levels left.
You knew the following spells:

 Your Spells              Type           Power        Failure   Level  Hunger
a - Pain                  Necr           ###.         2%          1    #......
b - Vampiric Draining     Necr           ###.......   10%         3    ###....


Dungeon Overview and Level Annotations

Branches:
Dungeon (2/15)

Altars:

Annotations:
D:2 Robin


Innate Abilities, Weirdness & Mutations

You have a pair of small antennae on your head.


Message History

The goblin no longer looks unusually strong.
The hobgoblin no longer looks unusually strong.
The goblin shouts!
Robin says, "My goblins will feast on your bones."
The hobgoblin hits you but does no damage.
The hobgoblin no longer looks unusually strong.
Robin roars a battlecry!
The goblins go into a battle-frenzy!
Robin throws the goblin at you! The goblin barely misses you.
You closely miss the goblin.
The goblin shouts!
The goblin hits you.
* * * LOW HITPOINT WARNING * * *
The hobgoblin barely misses you.
You closely miss the goblin. The goblin barely misses you.
The hobgoblin barely misses you. The hobgoblin hits you with a club.
* * * LOW HITPOINT WARNING * * *
Unknown command.
The goblin hits you.
You die...

#.#..#.....#.. .##. #
#.##...#.#... ....#
#..........#.# .....##
###......#............
############..#.#.....#........
#.........##).....### .........
#.........#.....#...#.#.#......
#.........#.#.#g....#..........
#...>.....#.).@.#{#.....#......
#####..######.#gg...#.#........
#..........)....g#.....#.#....
#....................#.......#
#............##....g.....#....
#>...............#....##...###
#..........##....#.....g....g.
#..........####.......####.###
#..........# #.......###..#


You could see Robin, 2 hobgoblins and 2 goblins.

Vanquished Creatures
  A worm (D:2)
  A dart slug (D:1)
  A giant gecko (D:1)
  A giant cockroach (D:1)
  13 goblins
  9 hobgoblins
  4 jackals (D:2)
  4 kobolds
  7 bats
  A giant newt (D:2)
  11 rats
53 creatures vanquished.

Notes
Turn   | Place    | Note
--------------------------------------------------------------
     0 | D:1      | dvd the Demonspawn Necromancer began the quest for the Orb.
     0 | D:1      | Reached XP level 1. HP: 13/13 MP: 3/3
   419 | D:1      | Gained mutation: You have a pair of small antennae on your head. [demonic ancestry]
   419 | D:1      | Reached XP level 2. HP: 19/19 MP: 3/5
   661 | D:1      | Reached skill level 5 in Necromancy
   844 | D:1      | Reached XP level 3. HP: 24/24 MP: 4/6
  1413 | D:2      | Learned a level 3 spell: Vampiric Draining
  1774 | D:2      | Noticed Robin
  1836 | D:2      | Slain by a goblin

Vault maps used:
D:1:      minmay_arrival_open_corners, minmay_crystal_room
D:2:      lemuel_crystal_altar, hangedman_decor_points, uniq_robin

Skill      XL: |  1  2  3 |
---------------+----------+-----
Necromancy     | 5 |  5.3
Dodging        | 2 |  2.0
Stealth        | 2 |  2.0
Fighting       | |  0.4
Polearms       | |  0.3
Spellcasting   | |  2.6

Action                   || total
-------------------------++-------
Melee: Spear             ||    58
       Unarmed           ||     3
 Cast: Pain              ||    65
       Vampiric Draining ||     3
 Stab: Sleeping          ||     2
  Eat: Chunk             ||     4
